 Dungeon Crawl Stone Soup version 0.26-a0-642-g67e99244d3 (webtiles) character file.

Game seed: 14203035346649294195

135 Colgate the Insei (level 5, -1/37 HPs)
             Began as a Merfolk Transmuter on Sept 21, 2020.
             Slain by an adder (3 damage)
             ... on level 3 of the Dungeon.
             The game lasted 00:14:04 (3632 turns).

Colgate the Insei (Merfolk Transmuter)              Turns: 3632, Time: 00:14:05

Health: -1/37      AC:  2    Str: 10    XL:     5   Next: 18%
Magic:  5/8        EV: 13    Int: 13    God:
Gold:   158        SH:  0    Dex: 15    Spells: 5/8 levels left

rFire    . . .     SeeInvis .     - Unarmed
rCold    . . .     Faith    .   (no shield)
rNeg     . . .     Spirit   .   a - +0 robe
rPois    .         Reflect  .   (helmet currently unavailable)
rElec    .         Harm     .   (no cloak)
rCorr    .         Rampage  .   (no gloves)
MR       .....                  (boots currently unavailable)
Stlth    +.........             (no amulet)
HPRegen  0.12/turn              (no ring)
MPRegen  0.11/turn              (no ring)

@: lethally poisoned (-1 -> -25), appendages (expiring), wereblooded
A: change form in water, swift swim, stealthy swim, horns 2
a: End Transformation


You were on level 3 of the Dungeon.
You had grown temporary horns.
You visited 1 branch of the dungeon, and saw 3 of its levels.

You collected 158 gold pieces.

Inventory:

Missiles
 d - 18 bolts
 e - 63 stones
 l - 19 poisoned darts (quivered)
 p - a throwing net
 r - 16 arrows
Armour
 a - a +0 robe (worn)
 f - a +0 leather armour
 j - a +0 chain mail
 s - a +0 scale mail
 t - a +0 ring mail
Scrolls
 b - 3 scrolls of teleportation {unknown}
 c - 2 scrolls of fog {unknown}
 h - 4 scrolls of identify {unknown}
 i - 3 scrolls of remove curse {unknown}
 k - a scroll of blinking {unknown}
 o - a scroll of enchant armour {unknown}
 q - a scroll of enchant weapon {unknown}
Potions
 g - a potion of might {unknown}
 m - a potion of haste {unknown}
 n - a potion of lignification {unknown}


   Skills:
 - Level 1.1 Fighting
 - Level 1.1 Throwing
 - Level 2.6 Dodging
 + Level 6.1 Unarmed Combat
 - Level 2.0 Spellcasting
 - Level 2.6 Transmutations


You had 5 spell levels left.
You knew the following spells:

 Your Spells              Type           Power        Failure   Level
a - Beastly Appendage     Tmut           #.....       9%          1
b - Wereblood             Tmut           #.......     13%         2

Your spell library contained the following spells:

 Spells                   Type           Power        Failure   Level
 Spider Form              Tmut/Pois      #.........   41%         3
 Ice Form                 Ice/Tmut       #.......     82%         4
 Blade Hands              Tmut           #.........   93%         5


Dungeon Overview and Level Annotations

Branches:
Dungeon (3/15)

Altars:


Innate Abilities, Weirdness & Mutations

You revert to your normal form in water.
You are very nimble and swift while swimming.
You are very stealthy in the water. (Stealth+)
You have a pair of horns on your head.


Message History

You are more poisoned.
The adder poisons you! The adder misses you.
You hit the adder.
You kill the adder!
* * * LOW HITPOINT WARNING * * *
You feel sick. The adder bites you.
* * * LOW HITPOINT WARNING * * *
You are more poisoned.
The adder poisons you!
You completely miss the adder.
Your transformation is almost over.
* * * LOW HITPOINT WARNING * * *
You feel sick. The adder barely misses you.
You barely miss the adder.
* * * LOW HITPOINT WARNING * * *
You feel sick. The adder barely misses you. x2
You barely miss the adder. Your headbutt misses the adder.
* * * LOW HITPOINT WARNING * * *
You feel sick. The adder bites you.
You die...

#################
##......##.......# #
........##.......# .#
).......##.......##.####
##......#...............
#......#.......@S#
########.##...##†#
#########.##.####)#
....†.....†..# #.#
....#####.#### #(# ....#
#.# #.# ....# #+# #.#
....+ .(. ...)# ##.


You could see an adder.

Vanquished Creatures
  7 adders
  2 oozes (D:3)
  3 worms (D:2)
  5 orcs (D:3)
  4 giant cockroaches
  8 goblins
  4 hobgoblins
  A ball python (D:1)
  5 bats
  2 frilled lizards (D:2)
  8 kobolds
  6 rats
55 creatures vanquished.

Notes
Turn   | Place    | Note
-------+----------+-------------------------------------------
     0 | D:1      | Colgate the Merfolk Transmuter began the quest for the Orb.
     0 | D:1      | Reached XP level 1. HP: 15/15 MP: 3/3
   467 | D:1      | Reached XP level 2. HP: 21/21 MP: 3/5
   637 | D:1      | Reached skill level 4 in Unarmed Combat
  1335 | D:2      | Learned a level 2 spell: Wereblood
  1447 | D:2      | Reached XP level 3. HP: 18/26 MP: 4/6
  2140 | D:2      | Reached skill level 5 in Unarmed Combat
  2313 | D:2      | Reached skill level 1 in Throwing
  2423 | D:2      | Reached XP level 4. HP: 19/32 MP: 5/7
  3617 | D:3      | Reached XP level 5. HP: 37/37 MP: 4/8
  3619 | D:3      | Reached skill level 6 in Unarmed Combat
  3632 | D:3      | Slain by an adder

Illustrated notes

Levels and vault maps discovered:
D:1:      evilmike_arrival_rings, layout_loops_corners, minivault_4
D:2:      layout_loops_ring, minmay_misc_feat_rows, hex_large,
          minmay_heptomino_l4
D:3:      layout_basic, overflow_temple_1_default, uniq_sigmund

Skill      XL: |  1  2  3  4  5 |
---------------+----------------+-----
Unarmed Combat | 4 5 6 |  6.1
Throwing       | 1 |  1.1
Fighting       | |  1.1
Dodging        | |  2.6
Spellcasting   | |  2.0
Transmutations | |  2.6

Action                   |  1- 3 |  4- 6 || total
-------------------------+-------+-------++-------
Melee: Unarmed           |    72 |    66 ||   138
       Headbutt          |     8 |    10 ||    18
       Punch             |     1 |     1 ||     2
Throw: Stone             |    17 |       ||    17
       Dart              |    31 |    22 ||    53
 Cast: Beastly Appendage |    46 |    19 ||    65
       Wereblood         |     1 |     2 ||     3
 Stab: Sleeping          |     2 |       ||     2
Armor: Robe              |     7 |     9 ||    16
Dodge: Dodged            |    35 |    37 ||    72

Table legend: (Time is in decaauts)
 A = Elapsed time spent in this place.
 B = Non-inter-level travel time spent in this place.
 C = Inter-level travel time spent in this place.
 D = Time resting spent in this place.
 E = Time spent auto-exploring this place.
 F = Levels seen in this place.
 G = Mean time per level.
                   A        B        C        D        E       F      G
               +--------+--------+--------+--------+--------+-----+--------+
         Total |   3614 |   3530 |     84 |      0 |   3008 |   3 | 1204.7 |
       Dungeon |   3614 |   3530 |     84 |      0 |   3008 |   3 | 1204.7 |
               +--------+--------+--------+--------+--------+-----+--------+

Top non-repeatable levels by time:
     D:2: 1683 daAuts
     D:1: 1323 daAuts
     D:3: 607 daAuts
